 Dungeon Crawl Stone Soup version 0.29.1-1-gd02db6906a (webtiles) character file.

Game seed: 1009474491787382883

40 Ashen the Firebug (level 3, 25/25 HPs)
             Began as a Demonspawn Fire Elementalist on Oct 12, 2022.
             Got out of the dungeon alive.
             The game lasted 00:02:55 (1408 turns).

Ashen the Firebug (Demonspawn Fire Elementalist)    Turns: 1408, Time: 00:02:56

Health: 25/25      AC:  2    Str:  8    XL:     3   Next: 30%
Magic:  6/6        EV: 12    Int: 18    God:
Gold:   100        SH:  0    Dex: 13    Spells: 5/6 levels left

rFire   . . .      SeeInvis .   c - +1 dagger (venom)
rCold   . . .      Faith    .   (no shield)
rNeg    . . .      Spirit   .   a - +0 robe
rPois   .          Reflect  .   (no helmet)
rElec   .          Harm     .   (no cloak)
rCorr   .          Rampage  .   (no gloves)
Will    .....                   (no boots)
Stlth   ++........              (no amulet)
HPRegen 0.08/turn               (no ring)
MPRegen 0.10/turn               (no ring)

@: no status effects
A: powered by pain 1, demonic touch 1
a: no special abilities


You escaped.
You visited 1 branch of the dungeon, and saw 1 of its levels.

You collected 100 gold pieces.

Inventory:

Hand Weapons
 c - a +1 dagger of venom (weapon)
Armour
 a - a +0 robe (worn)
Scrolls
 e - a scroll of blinking {unknown}
 f - a scroll of enchant armour {unknown}
 g - a scroll of silence {unknown}
Potions
 b - a potion of magic
 d - a potion of mutation {unknown}


   Skills:
 + Level 0.4 Fighting
 + Level 2.0 Dodging
 + Level 2.0 Stealth
 * Level 2.3 Spellcasting
 * Level 1.8 Conjurations
 * Level 3.0 Fire Magic


You had 5 spell levels left.
You knew the following spells:

 Your Spells              Type           Power      Damage    Failure   Level
a - Foxfire               Conj/Fire      40%        2x1d6     6%          1

Your spell library contained the following spells:

 Spells                   Type           Power      Damage    Failure   Level
 Scorch                   Fire           26%        2d6       8%          2
 Conjure Flame            Conj/Fire      10%        6-21      19%         3
 Inner Flame              Hex/Fire       7%         N/A       28%         3
 Portal Projectile        Hex/Tloc       4%         N/A       45%         3
 Tukima's Dance           Hex            2%         N/A       45%         3
 Flame Wave               Conj/Fire      10%        2d6       54%         4
 Blade Hands              Tmut           1%         N/A       99%         5


Dungeon Overview and Level Annotations

Branches:
Dungeon (1/15)

Altars:


Innate Abilities, Weirdness & Mutations

You sometimes gain a little power by taking damage.
Your touch may inflict minor irresistible damage on your foes.


Message History

a +0 club; a goblin skeleton A kobold comes into view.
It is wielding a +0 short sword.
You barely miss the kobold.
The kobold hits you with a +0 short sword.
You barely miss the kobold. The kobold closely misses you.
You hit the kobold.
The kobold is poisoned.
You touch the kobold.
You kill the kobold!
No target in view!
You see here a +0 short sword.
An endoplasm and a kobold come into view.
The kobold shouts!
The endoplasm quivers.
The endoplasm freezes you.
You are frozen.
You hit the endoplasm but do no damage.
The endoplasm is poisoned.
The endoplasm closely misses you.
You hit the endoplasm.
The endoplasm looks as sick as possible!
The endoplasm is heavily wounded.
The endoplasm hits you.
You hit the endoplasm.
You kill the endoplasm!
You hit the kobold but do no damage.
The kobold is poisoned.
The kobold hits you with a +0 club.
You miss the kobold. The kobold barely misses you.
You barely miss the kobold. The kobold hits you with a +0 club.
You hit the kobold.
The kobold looks even sicker.
You touch the kobold.
You kill the kobold!
You see here a +0 club.
g - a scroll labelled FATIEF WYTT Done exploring.
Done exploring.
There is a stone staircase leading down here.
(D) Dungeon
Where to? (Enter - D:1 @ (x,y), ? - help)
Okay, then.
There is an open door here.
There is a staircase leading out of the dungeon here.
Are you sure you want to leave the Dungeon?
This will make you lose the game!
You have escaped!

###########
#........#
#.#...#
#...>.....#
#........#
#.#....
#.........#
#.#.######
#.#....
#.........#
##+#'##
#......
#.........#
#.....#
#......
#.........#
#.....#
#......
..........#
#..8..#
#......
..........#
#.....#
#......
...)......#
#..@..#
#......
..)†.######
#######
#......
.†...#
#......
.....#
#......
†....#
#......
.....#
#.#....
.....#
#.#####
###### #.#
#.#


There were no monsters in sight!

Vanquished Creatures
  2 dart slugs (D:1)
  3 bats (D:1)
  3 endoplasms (D:1)
  A giant cockroach (D:1)
  5 goblins (D:1)
  A hobgoblin (D:1)
  3 jackals (D:1)
  6 kobolds (D:1)
  5 ball pythons (D:1)
  A rat (D:1)
30 creatures vanquished.

Vanquished Creatures (others)
  53 foxfires (D:1)
53 creatures vanquished.

Grand Total: 83 creatures vanquished

Notes
Turn   | Place    | Note
-------+----------+-------------------------------------------
     0 | D:1      | Ashen the Demonspawn Fire Elementalist began the quest for
                  | the Orb.
     0 | D:1      | Reached XP level 1. HP: 13/13 MP: 3/3
   192 | D:1      | Gained mutation: You sometimes gain a little power by
                  | taking damage. [demonic ancestry]
   192 | D:1      | Reached XP level 2. HP: 8/19 MP: 1/5
   675 | D:1      | Reached skill level 3 in Fire Magic
   802 | D:1      | Discovered your monstrous ancestry.
   802 | D:1      | Gained mutation: Your touch may inflict minor irresistible
                  | damage on your foes. [demonic ancestry]
   802 | D:1      | Reached XP level 3. HP: 25/25 MP: 4/6
  1408 | D:$      | Got out of the dungeon alive.

Illustrated notes

Levels and vault maps discovered:
D:1:      minmay_arrival_solitary_statue, layout_basic

Skill      XL: |  1  2  3 |
---------------+----------+-----
Fire Magic     | 3 |  3.0
Stealth        | 2 |  2.0
Dodging        | 2 |  2.0
Fighting       | |  0.4
Spellcasting   | |  2.3
Conjurations   | |  1.8

Action                   || total
-------------------------++-------
Melee: Dagger            ||    45
       Touch             ||     2
 Cast: Foxfire           ||    30
 Stab: Sleeping          ||     2
Armor: Robe              ||    13
Dodge: Dodged            ||    35
